 Dungeon Crawl Stone Soup version 0.28.0-49-g6dfe1f597d (webtiles) character file.

Game seed: 7521051619298154744

47 Gabide the Poker (level 3, -5/29 HPs)
             Began as a Human Monk on May 12, 2022.
             Slain by Crazy Yiuf
             ... wielding a +2 quarterstaff of chaos
              (6 damage)
             ... on level 2 of the Dungeon.
             The game lasted 00:02:23 (1471 turns).

Gabide the Poker (Human Monk)                       Turns: 1471, Time: 00:02:25

Health: -5/29      AC:  4    Str: 13    XL:     3   Next: 97%
Magic:  3/3        EV: 13    Int: 10    God:
Gold:   106        SH:  0    Dex: 15    Spells: 2/2 levels left

rFire   . . .      SeeInvis .   a - +0 spear
rCold   . . .      Faith    .   (no shield)
rNeg    . . .      Spirit   .   h - +0 leather armour
rPois   .          Reflect  .   (no helmet)
rElec   .          Harm     .   (no cloak)
rCorr   .          Rampage  .   f - +0 pair of gloves
Will    .....                   (no boots)
Stlth   ++........              (no amulet)
HPRegen 0.09/turn               (no ring)
MPRegen 0.08/turn               (no ring)

@: hasted, very quick
A: no striking features
a: no special abilities


You were on level 2 of the Dungeon.
You visited 1 branch of the dungeon, and saw 2 of its levels.

You collected 106 gold pieces.

Inventory:

Hand Weapons
 a - a +0 spear (weapon)
Armour
 f - a +0 pair of gloves (worn)
 h - a +0 leather armour (worn)
Scrolls
 b - a scroll of fear {unknown}
 c - a scroll of noise {unknown}
 i - a scroll of teleportation {unknown}
Potions
 d - a potion of ambrosia {unknown}
 e - a potion of degeneration {unknown}


   Skills:
 + Level 3.4 Fighting
 + Level 3.5 Polearms
 * Level 0.9 Armour
 + Level 3.5 Dodging
 - Level 2.0 Stealth


You had 2 spell levels left.
You didn't know any spells.
Your spell library contained the following spells:

 Spells                   Type           Power      Damage    Failure   Level
 Frozen Ramparts          Ice            0%         1d2       82%         3
 Portal Projectile        Hex/Tloc       0%         N/A       82%         3
 Ice Form                 Ice/Tmut       0%         N/A       99%         4
 Summon Ice Beast         Ice/Summ       0%         N/A       99%         4
 Blade Hands              Tmut           0%         N/A       100%        5
 Excruciating Wounds      Necr           0%         N/A       100%        5
 Dispersal                Tloc           0%         N/A       100%        6
 Disjunction              Tloc           0%         N/A       100%        8


Dungeon Overview and Level Annotations

Branches:
Dungeon (2/15)

Altars:

Annotations:
D:2 Crazy Yiuf


Message History

Aim: Crazy Yiuf, wielding a +2 quarterstaff of chaos and wearing a +1 cloak (63% to hit)
You throw a throwing net. The throwing net hits Crazy Yiuf.
Crazy Yiuf is caught in the net!
Crazy Yiuf says, "Nubble hand illywillydillykilly!"
Crazy Yiuf struggles against the net.
You hit Crazy Yiuf but do no damage.
Crazy Yiuf struggles against the net.
You hit Crazy Yiuf.
Crazy Yiuf is lightly wounded.
You hit Crazy Yiuf. You punch Crazy Yiuf.
Crazy Yiuf is moderately wounded.
Crazy Yiuf struggles against the net.
You hit Crazy Yiuf.
Crazy Yiuf is moderately wounded.
Crazy Yiuf struggles against the net.
You hit Crazy Yiuf.
Crazy Yiuf is heavily wounded.
Crazy Yiuf laughs, "Key verde snail!"
Crazy Yiuf struggles against the net.
You barely miss Crazy Yiuf.
Crazy Yiuf is heavily wounded.
Crazy Yiuf laughs, "Papa!
Hack eyeball childish."
Crazy Yiuf struggles against the net.
The net rips apart, and Crazy Yiuf comes free!
You hit Crazy Yiuf.
Crazy Yiuf is severely wounded.
Crazy Yiuf hits you with a +2 quarterstaff of chaos.
You hit Crazy Yiuf.
Crazy Yiuf is severely wounded.
Crazy Yiuf closely misses you.
You closely miss Crazy Yiuf.
Crazy Yiuf is severely wounded.
Crazy Yiuf hits you with a +2 quarterstaff of chaos!
You feel yourself speed up.
You barely miss Crazy Yiuf.
Crazy Yiuf is severely wounded.
Crazy Yiuf waves his quarterstaff at you.
Crazy Yiuf hits you with a +2 quarterstaff of chaos!
* * * LOW HITPOINT WARNING * * *
Crazy Yiuf freezes you.
You die...

#....####...)####
##..# #....
#..).# #..# #....
♣....♣ #..# #....
♣♣)).♣
##########..
#.... ♣♣.♣♣
#........†.. ♣♣.♣
####.......> ♣.♣♣
#.##..... ♣♣.♣ #
#..... ♣@♣♣
#..... #g# ......
... ....... #...#
........ #)..#
#####


You could see Crazy Yiuf.

Vanquished Creatures
  An adder (D:2)
  4 endoplasms
  3 giant cockroaches
  3 goblins
  5 hobgoblins
  3 kobolds
  2 quokkas
  4 ball pythons
  6 bats
  2 rats (D:1)
33 creatures vanquished.

Notes
Turn   | Place    | Note
-------+----------+-------------------------------------------
     0 | D:1      | Gabide the Human Monk began the quest for the Orb.
     0 | D:1      | Reached XP level 1. HP: 18/18 MP: 1/1
   274 | D:1      | Reached XP level 2. HP: 24/24 MP: 2/2
   925 | D:1      | Reached XP level 3. HP: 29/29 MP: 3/3
  1391 | D:2      | Found a faded altar of an unknown god.
  1456 | D:2      | Found a runed translucent door.
  1457 | D:2      | Noticed Crazy Yiuf
  1471 | D:2      | HP: 1/29 [Crazy Yiuf/+2 quarterstaff of chaos (13)]
  1471 | D:2      | Slain by Crazy Yiuf

Illustrated notes

Levels and vault maps discovered:
D:1:      saegor_arrival_simple_b, layout_basic, minmay_tetromino_s2
D:2:      layout_basic, basic_ecumenical_altar, uniq_crazy_yiuf_cottage

Action                   || total
-------------------------++-------
Melee: Spear             ||   134
       Punch             ||     3
Throw: Throwing net      ||     1
 Stab: Sleeping          ||     6
Armor: Robe              ||    11
       Leather armour    ||     9
Dodge: Dodged            ||    62
